 Dungeon Sprint DCSS version 0.28-a0-1518-gbe868bca14 (webtiles) character file.

Game seed: 10988046389244269948

2903 ptdevnull the Warrior (level 9, -17/150 HPs)
             Began as a Minotaur Berserker on Jan 17, 2022.
             Was a High Priest of Trog.
             Demolished by Donald (18 damage)
             ... in the Dungeon (Sprint III: "The Ten Rune Challenge").
             The game lasted 00:04:47 (1747 turns).

ptdevnull the Warrior (Minotaur Berserker)          Turns: 1747, Time: 00:04:48

Health: -17/150    AC:  3    Str: 27    XL:     9   Next: 49%
Magic:  8/8        EV: 12    Int:  4    God:    Trog [*****.]
Gold:   30         SH:  0    Dex:  9    Spells: 8/8 levels left

rFire   . . .      SeeInvis .   q - +4 broad axe (vorpal)
rCold   . . .      Faith    .   (no shield)
rNeg    . . .      Spirit   .   b - +0 animal skin
rPois   .          Reflect  .   (helmet restricted)
rElec   .          Harm     .   (no cloak)
rCorr   .          Rampage  .   (no gloves)
Will    +....      NoTele   +   (no boots)
Stlth   ..........              (no amulet)
HPRegen 0.35/turn               (no ring)
MPRegen 0.11/turn               (no ring)

@: berserking, very quick
A: horns 2, retaliatory headbutt, strong-willed 1, subdued magic 1
a: Renounce Religion, Berserk, Trog's Hand, Brothers in Arms


You were in the Dungeon.
You worshipped Trog.
Trog was extremely pleased with you.
You visited 1 branch You collected 30 gold pieces.

Inventory:

Hand Weapons
 a - a +0 hand axe
 q - a +4 vorpal broad axe (weapon)
Armour
 b - a +0 animal skin (worn)
Scrolls
 h - a scroll of blinking
 i - a scroll of identify {unknown}
 j - a scroll of holy word {unknown}
 k - a scroll of enchant weapon {unknown}
 m - a scroll of torment {unknown}
 n - a scroll of immolation {unknown}
Potions
 c - 3 potions of curing
 d - a potion of heal wounds
 e - a potion of haste
 f - 2 potions of magic
 g - 2 potions of berserk rage
 l - 2 potions of flight {unknown}
 o - 4 potions of mutation
 p - a potion of might


   Skills:
 + Level 16.2 Fighting
 - Level 14.0 Axes
 + Level 15.9 Armour
 - Level 2.3 Dodging


You had 8 spell levels left.
You didn't know any spells.
Your spell library was empty.

Dungeon Overview and Level Annotations

Branches:
Dungeon (1/1)

Altars:
Cheibriados
Dithmenos
Elyvilon
Fedhas
Gozag
Hepliaklqana
Kikubaaqudgha
Makhleb
Nemelex Xobeh
Okawaru
Qazlal
Ru
Sif Muna
Trog
Uskayaw
Vehumet
Wu Jian
Xom
Yredelemnul
Zin
The Shining One
Beogh
Jiyva
Lugonu

Annotations:
D Donald, Frances


Innate Abilities, Weirdness & Mutations

You have a pair of horns on your head.
You reflexively headbutt those who attack you in melee.
You are strong-willed. (Will+)
Your spells are a little easier to cast, but a little less powerful.


Message History

A red film seems to cover your vision as you go berserk!
You feel yourself moving faster!
You feel mighty!
Donald casts a spell.
Donald seems to grow stronger.
The sun demon closely misses you. You furiously retaliate!
You headbutt the sun demon! Donald blocks your attack.
You slash Frances! You hit the sun demon.
Donald gestures wildly while chanting.
Donald seems to speed up.
The sun demon hits you!!
You are engulfed in flames!
Donald blocks your attack.
You slash the sun demon! You hit Frances. Frances completely misses you.
Donald hits you with a +1 war axe of holy wrath!!
The ynoxinul gestures.
You closely miss Frances. Your headbutt misses Frances.
Frances is lightly wounded.
You closely miss the sun demon. Donald blocks your attack.
Frances hits you with a +1 war axe of holy wrath.
The sun demon hits you!!
You are engulfed in flames!
Donald hits you with a +1 war axe of holy wrath!
You slash Frances!
Frances is moderately wounded.
You hit Donald. You slice the sun demon!!
You kill the sun demon!
The sun demon disappears in a puff of smoke!
Frances hits you with a +1 war axe of holy wrath!!
* * * LOW HITPOINT WARNING * * *
Donald closely misses you.
You slash Frances! Your headbutt misses Frances.
Frances is moderately wounded.
You slice the ynoxinul!! Donald blocks your attack.
An ufetubus opens the door.
Frances mutters in a terrible tongue.
Donald barely misses you.
You slice Frances!!
Frances is severely wounded.
You barely miss the ynoxinul. You slice the orange demon!!
Donald blocks your attack. The ynoxinul hits you.
* * * LOW HITPOINT WARNING * * *
Frances hits you with a +1 war axe of holy wrath!!
* * * LOW HITPOINT WARNING * * *
Donald hits you with a +1 war axe of holy wrath!!
You die...

#....#.#.#.....#....^.+
##.#..#.##.###.#..^..^#
'##)#.#.##)#.)##.....^#
#..)#..#..##..'^......#
▓▓▓▓▓▓▓▓▓▓▓▓▓▓#.^..^..#
....f≈≈f..#...^...#
≈≈≈≈≈≈♣♣P.'^.^....#
♣♣♣♣♣ ♣PP#..4....#
♣♣♣##@###### #@@35.≈§§
#55.#.§§§ #...# #§
#####


You could see Frances (fast), Donald (fast, strong), an orange demon (summoned),
a wandering mushroom, a ynoxinul (summoned) and 3 ufetubi.

Vanquished Creatures
  Erolcha (D)
  A deep elf pyromancer (D)
  A shadow (D)
  2 redbacks (D)
  A spatial vortex (D)
  A necrophage (D)
  5 two-headed ogres (D)
  A water elemental (D)
  A scorpion (D)
  A jelly (D)
  A wizard (D)
  Jessica (D)
  A necromancer (D)
  3 humans (D)
  A kobold demonologist (D)
  An endoplasm (D)
  2 rats (D)
25 creatures vanquished.

Notes
Turn   | Place    | Note
-------+----------+-------------------------------------------
     0 | D        | ptdevnull the Minotaur Berserker began the quest for the
                  | Orb.
     0 | D        | Reached XP level 1. HP: 19/19 MP: 0/0
    13 | D        | Reached skill level 4 in Fighting
    62 | D        | Reached ** piety under Trog
    64 | D        | Noticed Jessica
    69 | D        | Killed Jessica
    70 | D        | Reached XP level 2. HP: 23/27 MP: 1/1
    70 | D        | Reached XP level 3. HP: 28/33 MP: 2/2
   114 | D        | Noticed a scorpion
   122 | D        | Killed a scorpion
   123 | D        | Reached skill level 10 in Axes
   123 | D        | Reached XP level 4. HP: 35/40 MP: 3/3
   125 | D        | Reached *** piety under Trog
   249 | D        | Noticed a water elemental
   265 | D        | Killed a water elemental
   266 | D        | Reached XP level 5. HP: 9/46 MP: 4/4
   544 | D        | Gained mutation: Your spells are a little easier to cast,
                  | but a little less powerful. [potion of mutation]
   544 | D        | Gained mutation: You are strong-willed. (Will+) [potion of
                  | mutation]
   554 | D        | Found a glowing silver altar of Zin.
   554 | D        | Found a glowing golden altar of the Shining One.
   554 | D        | Found a white marble altar of Elyvilon.
   555 | D        | Noticed a deep elf pyromancer
   559 | D        | Killed a deep elf pyromancer
   560 | D        | Reached skill level 9 in Fighting
   560 | D        | Reached XP level 6. HP: 64/64 MP: 5/5
   560 | D        | Reached XP level 7. HP: 70/70 MP: 6/6
   593 | D        | Found a radiant altar of Vehumet.
   594 | D        | Found a shimmering blue altar of Sif Muna.
   594 | D        | Found an ancient bone altar of Kikubaaqudgha.
   595 | D        | Noticed a sixfirhy
   597 | D        | Reached **** piety under Trog
   660 | D        | Found a hide-covered altar of Uskayaw.
   660 | D        | Found an iron altar of Okawaru.
   660 | D        | Found a bloodstained altar of Trog.
   660 | D        | Found an ornate altar of the Wu Jian Council.
   660 | D        | Noticed a human
   661 | D        | Noticed a human
   665 | D        | Killed a human
   666 | D        | Reached skill level 10 in Fighting
   666 | D        | Reached skill level 10 in Armour
   669 | D        | Killed a human
   670 | D        | Reached skill level 11 in Fighting
   714 | D        | Found a basalt altar of Yredelemnul.
   714 | D        | Found a shadowy altar of Dithmenos.
   714 | D        | Found a sacrificial altar of Ru.
   722 | D        | Reached ***** piety under Trog
   849 | D        | Noticed a shadow
   855 | D        | Killed a shadow
   856 | D        | Reached skill level 12 in Fighting
   856 | D        | Reached XP level 8. HP: 82/84 MP: 7/7
   992 | D        | Reached skill level 13 in Fighting
  1290 | D        | Found a blossoming altar of Fedhas.
  1290 | D        | Found a stormy altar of Qazlal.
  1291 | D        | Found a snail-covered altar of Cheibriados.
  1291 | D        | Found a burning altar of Makhleb.
  1291 | D        | Found a hazy altar of Hepliaklqana.
  1291 | D        | Found a shimmering altar of Xom.
  1291 | D        | Found an opulent altar of Gozag.
  1291 | D        | Found a sparkling altar of Nemelex Xobeh.
  1291 | D        | Found a corrupted altar of Lugonu.
  1291 | D        | Found a viscous altar of Jiyva.
  1380 | D        | Noticed a two-headed ogre
  1386 | D        | Killed a two-headed ogre
  1387 | D        | Reached skill level 14 in Fighting
  1444 | D        | Noticed Erolcha
  1445 | D        | Noticed a two-headed ogre
  1455 | D        | Killed Erolcha
  1455 | D        | Received a gift from Trog
  1456 | D        | Reached skill level 15 in Fighting
  1456 | D        | Reached skill level 15 in Armour
  1456 | D        | Reached XP level 9. HP: 97/97 MP: 8/8
  1461 | D        | Killed a two-headed ogre
  1466 | D        | Reached skill level 16 in Fighting
  1731 | D        | Noticed a wandering mushroom
  1739 | D        | Noticed Frances
  1740 | D        | Noticed Donald
  1741 | D        | Noticed a sun demon
  1747 | D        | Noticed an orange demon
  1747 | D        | HP: 1/150 [Frances (25)]
  1747 | D        | Demolished by Donald

Illustrated notes

Levels and vault maps discovered:
D:        dungeon_sprint_mu [sprint_mu_entry_cave, sprint_mu_temple_rooms,
          sprint_mu_d1_spiders, sprint_mu_d2_genie, sprint_mu_d3_branching,
          sprint_mu_orc_legion, sprint_mu_elf_gauntlet, sprint_mu_hive_nellie,
          sprint_mu_lair_fedhas, sprint_mu_vaults_butterflies,
          sprint_mu_slime_circle, sprint_mu_shoals_archi,
          sprint_mu_snake_twists, sprint_mu_blade_basic,
          sprint_mu_crypt_chambers, sprint_mu_tomb_spiral,
          sprint_mu_vestibule_basic, sprint_mu_gehenna_hellfire,
          sprint_mu_dis_giant, sprint_mu_tartarus_statrot,
          sprint_mu_cocytus_islands, sprint_mu_zot1]

Skill      XL: |  1  2  3  4  5  6  7  8  9 |
---------------+----------------------------+-----
Fighting       | 4 9 12 15 16 | 16.2
Axes           | 7 10 12 14 | 14.0
Armour         | 8 11 15 | 15.9
Dodging        | |  2.3

Action                   |  1- 3 |  4- 6 |  7- 9 || total
-------------------------+-------+-------+-------++-------
Melee: Hand axe          |    12 |    17 |    65 ||    94
       Headbutt          |     4 |     2 |    15 ||    21
       Punch             |       |     1 |     1 ||     2
       Broad axe         |       |       |     8 ||     8
Invok: Berserk           |     1 |     2 |     8 ||    11
  Use: Potion            |       |     1 |       ||     1
Armor: Animal skin       |     3 |       |     3 ||     6
Dodge: Dodged            |     8 |     8 |    26 ||    42

Table legend: (Time is in decaauts)
 A = Elapsed time spent in this place.
 B = Non-inter-level travel time spent in this place.
 C = Inter-level travel time spent in this place.
 D = Time resting spent in this place.
 E = Time spent auto-exploring this place.
 F = Levels seen in this place.
 G = Mean time per level.
                   A        B        C        D        E       F      G
               +--------+--------+--------+--------+--------+-----+--------+
         Total |   1811 |   1811 |      0 |   1414 |    171 |   1 | 1811.0 |
       Dungeon |   1811 |   1811 |      0 |   1414 |    171 |   1 | 1811.0 |
               +--------+--------+--------+--------+--------+-----+--------+

Top non-repeatable levels by time:
       D: 1811 daAuts
